 Dungeon Crawl Stone Soup version 0.28-a0-816-gb054d885db (webtiles) character file.

Game seed: 1175075611482049699

75 cheechan the Skirmisher (level 4, 0/42 HPs)
             Began as a Naga Fighter on Nov 8, 2021.
             Succumbed to an adder's poison
             ... on level 2 of the Dungeon.
             The game lasted 00:05:15 (1773 turns).

cheechan the Skirmisher (Naga Fighter)              Turns: 1773, Time: 00:05:15

Health: 0/42       AC:  4    Str: 19    XL:     4   Next: 31%
Magic:  4/4        EV:  4    Int:  8    God:
Gold:   38         SH: 11    Dex: 11    Spells: 3/3 levels left

rFire   . . .      SeeInvis +   a - +0 war axe
rCold   + . .      Faith    .   h - +0 tower shield
rNeg    . . .      Spirit   .   k - +0 ring mail {rC+}
rPois   +          Reflect  .   (helmet restricted)
rElec   .          Harm     .   (no cloak)
rCorr   .          Rampage  .   (no gloves)
Will    .....      Rnd*Tele +   (no barding)
Stlth   +.........              (no amulet)
HPRegen 0.14/turn               (no ring)
MPRegen 0.09/turn               (no ring)

@: lethally poisoned (0 -> -2), very slow
A: AC +1, large, see invisible, deformed body, poison resistance, slowness 2,
spit poison 1, naga tail 1, antennae 1, teleportitis 1, subdued magic 1
a: Spit Poison


You were on level 2 of the Dungeon.
You visited 1 branch of the dungeon, and saw 2 of its levels.

You collected 38 gold pieces.

Inventory:

Hand Weapons
 a - a +0 war axe (weapon)
Missiles
 f - 51 arrows
Armour
 h - a +0 tower shield (worn)
 k - a +0 ring mail of cold resistance (worn)
Scrolls
 i - a scroll of teleportation
Potions
 c - a potion of magic {unknown}
 d - a potion of might
 g - 2 potions of attraction
 j - a potion of ambrosia {unknown}


   Skills:
 + Level 3.3 Fighting
 + Level 2.9 Axes
 + Level 3.1 Armour
 + Level 0.4 Dodging
 + Level 0.2 Stealth
 + Level 2.6 Shields


You had 3 spell levels left.
You didn't know any spells.
Your spell library was empty.

Dungeon Overview and Level Annotations

Branches:
Dungeon (2/15)

Altars:


Innate Abilities, Weirdness & Mutations

Your serpentine skin is tough. (AC +1)
You have supernaturally acute eyesight. (SInv)
Armour fits poorly on your strangely shaped body.
Your system is resistant to poisons. (rPois)
You cover ground very slowly.
You can spit poison.
You have a snake-like lower body.
You have a pair of small antennae on your head.
You are occasionally teleported next to monsters.
Your spells are a little easier to cast, but a little less powerful.


Message History

You barely miss the goblin. The goblin hits you but does no damage.
You slash the goblin!
You kill the goblin!
You see here a +0 dagger.
An adder comes into view.
The adder hisses angrily.
The adder bites you but does no damage. The adder bites you.
You see here a golden potion.
You block the adder's attack.
You closely miss the adder. The adder bites you.
* * * LOW HITPOINT WARNING * * *
The adder bites you.
* * * LOW HITPOINT WARNING * * *
The adder bites you but does no damage.
You closely miss the adder. You block the adder's attack. x2
You slash the adder!
The adder is almost dead.
The adder bites you.
* * * LOW HITPOINT WARNING * * *
You block the adder's attack.
Abil: Spit Poison
Press: ? - help, Q - select action Shift-Dir - straight line, f - adder
Aim: an adder (almost dead)
The splash of poison misses the adder.
The adder bites you.
* * * LOW HITPOINT WARNING * * *
You are lethally poisoned!
The adder poisons you! You block the adder's attack.
You miss the adder.
The adder is almost dead.
* * * LOW HITPOINT WARNING * * *
You feel very sick. You block the adder's attack. x2
You have got your breath back.
* * * LOW HITPOINT WARNING * * *
You feel sick. The adder barely misses you.
It was a potion of mutation.
You feel extremely strange.
Your connection to magic feels subdued.
You feel weirdly uncertain. A pair of antennae grows on your head!
You die...

#.# #.###### #......#
#......# #......#
#......## ##........
#!S....... ##
#.@....... #.
#......... #.
#)....#### #. #.....#
#. ###.....# ##
#.......# #.......#
#........# #...††..#
#........#
###.....####........#


You could see an adder.

Vanquished Creatures
  5 adders (D:2)
  A worm (D:2)
  A dart slug (D:1)
  2 endoplasms (D:1)
  2 giant cockroaches
  2 goblins
  2 hobgoblins
  3 quokkas
  3 ball pythons
  A frilled lizard (D:1)
  3 kobolds (D:1)
  A rat (D:1)
26 creatures vanquished.

Notes
Turn   | Place    | Note
-------+----------+-------------------------------------------
     0 | D:1      | cheechan the Naga Fighter began the quest for the Orb.
     0 | D:1      | Reached XP level 1. HP: 21/21 MP: 1/1
   291 | D:1      | Reached XP level 2. HP: 27/28 MP: 2/2
  1147 | D:1      | Found a faded altar of an unknown god.
  1401 | D:2      | Reached XP level 3. HP: 12/34 MP: 3/3
  1743 | D:2      | Reached XP level 4. HP: 22/42 MP: 4/4
  1772 | D:2      | HP: 1/42 [poisoned by an adder]
  1773 | D:2      | Gained mutation: Your spells are a little easier to cast,
                  | but a little less powerful. [potion of mutation]
  1773 | D:2      | Gained mutation: You are occasionally teleported next to
                  | monsters. [potion of mutation]
  1773 | D:2      | Gained mutation: You have a pair of small antennae on your
                  | head. [potion of mutation]
  1773 | D:2      | Succumbed to an adder's poison

Illustrated notes

Levels and vault maps discovered:
D:1:      shiori_shiawase, layout_basic, shapermc_ecumenical_altar_hornbeckon,
          nrook_uturn
D:2:      layout_basic

Skill      XL: |  1  2  3 |
---------------+----------+-----
Armour         | 3 |  3.1
Fighting       | |  3.3
Axes           | |  2.9
Dodging        | |  0.4
Stealth        | |  0.2
Shields        | |  2.6

Action                   |  1- 3 |  4- 6 || total
-------------------------+-------+-------++-------
Melee: War axe           |    47 |    11 ||    58
 Abil: Spit Poison       |     2 |     1 ||     3
  Use: Scroll            |     4 |       ||     4
       Potion            |       |     1 ||     1
Armor: Scale mail        |    21 |       ||    21
       Ring mail         |    15 |     6 ||    21
Dodge: Dodged            |    12 |     3 ||    15
Block: Buckler           |     5 |       ||     5
       Tower shield      |    38 |    12 ||    50

Table legend: (Time is in decaauts)
 A = Elapsed time spent in this place.
 B = Non-inter-level travel time spent in this place.
 C = Inter-level travel time spent in this place.
 D = Time resting spent in this place.
 E = Time spent auto-exploring this place.
 F = Levels seen in this place.
 G = Mean time per level.
                   A        B        C        D        E       F      G
               +--------+--------+--------+--------+--------+-----+--------+
         Total |   2375 |   2375 |      0 |    280 |      0 |   2 | 1187.5 |
       Dungeon |   2375 |   2375 |      0 |    280 |      0 |   2 | 1187.5 |
               +--------+--------+--------+--------+--------+-----+--------+

Top non-repeatable levels by time:
     D:1: 1780 daAuts
     D:2: 594 daAuts
